 Dungeon Crawl Stone Soup version 0.28-a0-804-g60983d4ba9 (webtiles) character file.

Game seed: 2709416988073689003

166 avis the Ruffian (level 5, -1/41 HPs)
             Began as a Demigod Transmuter on Nov 8, 2021.
             Slain by a worm (9 damage)
             ... in a sewer.
             The game lasted 00:15:13 (2754 turns).

avis the Ruffian (Demigod Transmuter)               Turns: 2754, Time: 00:15:14

Health: -1/41      AC:  3    Str: 15    XL:     5   Next: 2%
Magic:  10/10      EV: 15    Int: 15    God:
Gold:   95         SH:  3    Dex: 14    Spells: 4/8 levels left

rFire   . . .      SeeInvis .     - Unarmed
rCold   . . .      Faith    .   g - +0 buckler
rNeg    . . .      Spirit   .   e - +0 leather armour
rPois   .          Reflect  .   (helmet currently unavailable)
rElec   .          Harm     .   (no cloak)
rCorr   .          Rampage  .   (no gloves)
Will    .....                   (boots currently unavailable)
Stlth   +.........              (no amulet)
HPRegen 0.13/turn               o - +4 ring of evasion
MPRegen 0.12/turn               (no ring)

@: appendages (expiring)
A: horns 2, talons 2, high mp 1, forlorn
a: End Transformation


You were in a sewer.
You had temporarily grown beastly horns and talons.
You visited 1 branch of the dungeon, and saw 3 of its levels.
You also visited: Sewer.

You collected 95 gold pieces.

Inventory:

Hand Weapons
 b - a +0 hunting sling
Missiles
 d - 76 stones
 j - 31 arrows
 k - 19 poisoned darts
Armour
 a - a +0 robe
 e - a +0 leather armour (worn)
 g - a +0 buckler (worn)
 l - a +0 chain mail
 p - a +0 ring mail
Jewellery
 o - a +4 ring of evasion (left hand)
Scrolls
 i - a scroll of teleportation {unknown}
Potions
 c - a potion of flight {unknown}
 f - a potion of haste {unknown}
 h - 3 potions of curing
 m - a potion of invisibility {unknown}
 n - 2 potions of lignification {unknown}


   Skills:
 * Level 2.1 Fighting
 - Level 2.0 Dodging
 - Level 4.0 Unarmed Combat
 - Level 2.0 Spellcasting
 - Level 3.0 Transmutations
 - Level 1.0 Poison Magic


You had 4 spell levels left.
You knew the following spells:

 Your Spells              Type           Power      Damage    Failure   Level
a - Beastly Appendage     Tmut           20%        N/A       13%         1
p - Spider Form           Tmut/Pois      7%         N/A       52%         3

Your spell library contained the following spells:

 Spells                   Type           Power      Damage    Failure   Level
 Wereblood                Tmut           10%        N/A       21%         2
 Stone Arrow              Conj/Erth      2%         3d7       80%         3
 Tukima's Dance           Hex            1%         N/A       80%         3
 Ice Form                 Ice/Tmut       6%         N/A       94%         4
 Animate Armour           Summ/Erth      2%         N/A       99%         4
 Passage of Golubria      Tloc           1%         N/A       99%         4
 Yara's Violent Unravell  Hex/Tmut       3%         3d4       100%        5
 Lehudib's Crystal Spear  Conj/Erth      0%         10d2      100%        8


Dungeon Overview and Level Annotations

Branches:
Dungeon (3/15)              Sewer (1/1)


Innate Abilities, Weirdness & Mutations

You have temporarily grown beastly horns and talons.
Your attributes grow dramatically as you level up.
You have an increased reservoir of magic. (+10% MP)
You shall have no god before yourself.


Message History

The kobold brigand is moderately wounded.
You block the kobold brigand's attack.
You barely miss the kobold brigand. Your kick misses the kobold brigand.
Your headbutt misses the kobold brigand.
The kobold brigand is moderately wounded.
The kobold brigand hits you with a +0 short sword.
You hit the kobold brigand. Your kick misses the kobold brigand.
The kobold brigand is moderately wounded.
You block the kobold brigand's attack.
You hit the kobold brigand.
Your headbutt misses the kobold brigand.
The kobold brigand is moderately wounded.
The kobold brigand hits you with a +0 short sword.
You closely miss the kobold brigand. Your kick misses the kobold brigand.
You headbutt the kobold brigand, but do no damage.
The kobold brigand is moderately wounded.
The kobold brigand splashes around in the water.
The worm barely misses you.
You closely miss the kobold brigand. Your kick misses the kobold brigand.
You headbutt the kobold brigand!
The kobold brigand is severely wounded.
The kobold brigand hits you with a +0 short sword!
You miss the kobold brigand.
The kobold brigand is severely wounded.
The worm bites you!
The kobold brigand hits you with a +0 short sword!
* * * LOW HITPOINT WARNING * * *
You hit the kobold brigand.
The kobold brigand is severely wounded.
Your transformation is almost over.
The kobold brigand misses you. The worm misses you.
You hit the kobold brigand but do no damage.
Your kick misses the kobold brigand. You headbutt the kobold brigand!
The kobold brigand is almost dead.
You block the kobold brigand's attack.
You barely miss the kobold brigand.
You claw the kobold brigand, but do no damage.
The kobold brigand is almost dead.
The worm bites you!
You die...

##≈..≈..≈##
#.≈.≈...##
#≈≈.≈≈.≈..###
≈.≈.≈≈≈≈≈.≈.≈##
≈≈..#####≈.≈≈≈#
≈.# ##..≈.# ≈#
##...# #.≈≈#
#≈≈@# ##≈wK##
#≈..(≈# #≈###≈#
#≈# #(#
##≈###(#
#≈≈≈#≈≈(
#≈#≈#≈#( #)#≈#≈
≈#


You could see a kobold brigand and a worm.

Vanquished Creatures
  A scorpion (D:3)
  A gnoll (D:1)
  5 adders
  A worm (D:3)
  5 dart slugs
  4 endoplasms
  2 giant cockroaches (D:1)
  2 goblins
  A hobgoblin (D:2)
  4 kobolds
  3 quokkas
  4 ball pythons (D:2)
  2 bats
  4 frilled lizards
  4 rats
43 creatures vanquished.

Notes
Turn   | Place    | Note
-------+----------+-------------------------------------------
     0 | D:1      | avis the Demigod Transmuter began the quest for the Orb.
     0 | D:1      | Reached XP level 1. HP: 15/15 MP: 5/5
    19 | D:1      | Reached skill level 1 in Fighting
   137 | D:1      | Reached skill level 3 in Unarmed Combat
   375 | D:1      | Reached XP level 2. HP: 23/23 MP: 7/7
  1042 | D:2      | Reached XP level 3. HP: 29/29 MP: 6/8
  1046 | D:2      | Learned a level 3 spell: Spider Form
  1878 | D:2      | HP: 1/29 [adder (4)]
  2190 | D:3      | Reached skill level 4 in Unarmed Combat
  2453 | D:3      | Noticed a scorpion
  2467 | D:3      | Killed a scorpion
  2468 | D:3      | Reached XP level 4. HP: 21/36 MP: 9/9
  2478 | D:3      | Found a glowing drain.
  2511 | D:3      | Reached skill level 1 in Poison Magic
  2511 | D:3      | Reached XP level 5. HP: 19/41 MP: 10/10
  2517 | Sewer    | Entered a sewer
  2754 | Sewer    | Slain by a worm

Illustrated notes

Levels and vault maps discovered:
D:1:      scummos_arrival_checkerplants, layout_loops_cross,
          shapermc_ecumenical_altar_mp_urbaneastern
D:2:      layout_basic, basic_altar
D:3:      layout_basic, evilmike_ruin_ashenzari, gup_sewer_entry_glass
Sewer:    sewer_co_tree

Skill      XL: |  1  2  3  4 |
---------------+-------------+-----
Fighting       | 1 2 |  2.1
Unarmed Combat | 3 4 |  4.0
Spellcasting   | 2 |  2.0
Transmutations | 2 3 |  3.0
Dodging        | 2 |  2.0
Poison Magic   | 1 |  1.0

Action                   |  1- 3 |  4- 6 || total
-------------------------+-------+-------++-------
Melee: Unarmed           |    66 |    27 ||    93
       Kick              |    15 |     6 ||    21
       Headbutt          |     6 |     6 ||    12
 Fire: Hunting sling     |    60 |     8 ||    68
 Cast: Beastly Appendage |    20 |     2 ||    22
  Use: Scroll            |     3 |       ||     3
       Potion            |     2 |       ||     2
Armor: Robe              |     1 |       ||     1
       Leather armour    |    18 |     2 ||    20
Dodge: Dodged            |    47 |    16 ||    63
Block: Buckler           |     7 |     3 ||    10

Table legend: (Time is in decaauts)
 A = Elapsed time spent in this place.
 B = Non-inter-level travel time spent in this place.
 C = Inter-level travel time spent in this place.
 D = Time resting spent in this place.
 E = Time spent auto-exploring this place.
 F = Levels seen in this place.
 G = Mean time per level.
                   A        B        C        D        E       F      G
               +--------+--------+--------+--------+--------+-----+--------+
         Total |   2773 |   2545 |    228 |    768 |    990 |   4 |  693.2 |
       Dungeon |   2514 |   2286 |    228 |    608 |    948 |   3 |  838.0 |
         Sewer |    258 |    258 |      0 |    160 |     42 |   1 |  258.0 |
               +--------+--------+--------+--------+--------+-----+--------+

Top non-repeatable levels by time:
     D:2: 1346 daAuts
     D:1: 1014 daAuts
   Sewer: 258 daAuts
     D:3: 153 daAuts
